General information
- name: BNet
- type: Ladder 1vs1/FFA
- host: Battle.net
- saver: Ze.rath3isaFaig
map: TwistedMeadows
- players: 2
- length: 16:36
- speed: Fast
- version: 1.25 W3XP
- replay type: Public
» download(59 KB)
Players
team 1 (loser)
i_own_u_fag (
yellow | 54 APM | 904 actions | 16:35)
4 Dreadlord
2 Vampiric Aura
2 Sleep
» actions
| Basic commands | 6 | |
| Build / train | 52 | |
| Enter build submenu | 13 | |
| Enter hero's abilities submenu | 4 | |
| Remove unit from queue | 1 | |
| Right click | 531 | |
| Select / deselect | 256 | |
| Use ability | 41 | |
904 total
» units
| Acolyte | 3 | |
| Ghoul | 20 | |
| Obsidian Statue | 3 | |
| Meatwagon | 1 | |
| Necromancer | 7 | |
34 total
» upgrades
| Unholy Strength | 2 | |
| Cannibalize | 1 | |
| Unholy Armor | 2 | |
| Skeletal Longevity | 1 | |
| Necromancer Training | 1 | |
| Exhume Corpses | 1 | |
8 total
» buildings
| Crypt | 2 | |
| Ziggurat | 4 | |
| Altar of Darkness | 1 | |
| Graveyard | 1 | |
| Tomb of Relics | 1 | |
| Halls of the Dead | 1 | |
| Temple of the Damned | 1 | |
| Slaughterhouse | 1 | |
| Spirit Tower | 2 | |
| Black Citadel | 1 | |
15 total
» build order
00:55 Crypt
00:58 Ziggurat
01:02 Altar of Darkness
01:08 Graveyard
01:18 Ziggurat
01:37 Tomb of Relics
02:37 Crypt
04:26 Halls of the Dead
04:59 Ziggurat
05:53 Ziggurat
06:55 Temple of the Damned
07:25 Slaughterhouse
11:53 Spirit Tower
11:54 Spirit Tower
14:15 Black Citadel
team 2 (winner)
Ze.rath3isaFaig (
teal | 127 APM | 2102 actions | 16:36)
5 Death Knight
3 Death Coil
2 Unholy Aura
4 Dark Ranger
2 Black Arrow
2 Silence
» actions
| Assign group hotkey | 16 | |
| Basic commands | 499 | |
| Build / train | 63 | |
| Enter build submenu | 19 | |
| Enter hero's abilities submenu | 9 | |
| Give item / drop item | 1 | |
| Right click | 713 | |
| Select / deselect | 394 | |
| Select group hotkey | 306 | |
| Use ability | 82 | |
2102 total
» units
| Acolyte | 7 | |
| Ghoul | 5 | |
| Crypt Fiend | 10 | |
| Obsidian Statue | 2 | |
24 total
» upgrades
| Creature Attack | 3 | |
| Creature Carapace | 1 | |
| Destroyer Form | 1 | |
5 total
» buildings
| Graveyard | 1 | |
| Crypt | 1 | |
| Altar of Darkness | 1 | |
| Ziggurat | 5 | |
| Nerubian Tower | 1 | |
| Tomb of Relics | 1 | |
| Halls of the Dead | 2 | |
| Slaughterhouse | 3 | |
| Black Citadel | 1 | |
16 total
» build order
00:16 Graveyard
00:18 Crypt
00:44 Altar of Darkness
00:56 Ziggurat
01:12 Ziggurat
01:57 Nerubian Tower
02:16 Tomb of Relics
03:21 Ziggurat
04:55 Halls of the Dead
04:56 Halls of the Dead
07:13 Ziggurat
07:18 Slaughterhouse
09:21 Black Citadel
13:28 Ziggurat
15:52 Slaughterhouse
15:52 Slaughterhouse
» items
| Rod of Necromancy | 2 | |
| Potion of Healing | 2 | |
| Scroll of Town Portal | 1 | |
| Potion of Lesser Invulnerability | 1 | |
| Scroll of Healing | 1 | |
| Scroll of Protection | 1 | |
8 total
Chat log
(15:55 / All) i_own_u_fag: ur a little fucking homo
(15:59 / All) i_own_u_fag: suck a dick faggot
(16:25 / All) i_own_u_fag: go fucking kill urself really